 Dungeon Crawl Stone Soup version 0.31-a0-865-g3d5d91748a (webtiles) character file.

Game seed: 6828291245342238593

72 subawu the Ruffian (level 4, -7/34 HPs)
             Began as a Gnoll Shapeshifter on Oct 10, 2023.
             Mangled by a gnoll
             ... wielding a +0 spear
             ... led by a gnoll sergeant
              (9 damage)
             ... on level 3 of the Dungeon.
             The game lasted 00:03:44 (1542 turns).

subawu the Ruffian (Gnoll Shapeshifter)             Turns: 1542, Time: 00:03:44

Health: -7/34      AC:  2    Str: 16    XL:     4   Next: 25%
Magic:  5/5        EV: 13    Int:  9    God:
Gold:   16         SH:  0    Dex: 11    Spells: 5/5 levels left

rFire   . .          .
                       - Unarmed
rCold   . . .        (no shield)
rNeg    . . .        a - +0 animal skin
rPois   .            (helmet currently unavailable)
rElec   .            (cloak currently unavailable)
rCorr   .            (gloves currently unavailable)
SInv    .            (boots currently unavailable)
Will    .....        (no amulet)
Stlth   +            (no ring)
HPRegen 0.25/turn    (no ring)
MPRegen 0.09/turn

%: no passive effects
@: beast-form
A: beast (slay +3), fangs 1, strong nose, distributed training
a: Begin Untransformation


You were on level 3 of the Dungeon.
You were a hulking beast.
You visited 1 branch of the dungeon, and saw 3 of its levels.

You collected 16 gold pieces.

Inventory:

Missiles
 m - 4 stones
Armour
 a - a +0 animal skin (worn)
Magical Staves
 f - a staff of poison
Jewellery
 n - an amulet of regeneration
Talismans
 c - a beast talisman (active)
 d - a flux talisman
 k - a dragon-blood talisman
Scrolls
 g - a scroll of teleportation {unknown}
 h - 2 scrolls of identify {unknown}
 i - 2 scrolls of fog {unknown}
 l - a scroll of torment {unknown}
 o - a scroll of fear {unknown}
Potions
 b - a potion of lignification
 e - a potion of brilliance {unknown}
 j - a potion of degeneration {unknown}


   Skills:
 + Level 2.7 Fighting
 + Level 1.1 Short Blades
 + Level 1.1 Long Blades
 + Level 1.1 Axes
 + Level 1.1 Maces & Flails
 + Level 1.1 Polearms
 + Level 1.1 Staves
 + Level 1.1 Ranged Weapons
 + Level 1.1 Throwing
 + Level 1.1 Armour
 + Level 4.6 Dodging
 + Level 1.1 Stealth
 + Level 1.1 Shields
 + Level 6.6 Unarmed Combat
 + Level 1.1 Spellcasting
 + Level 0.8 Conjurations
 + Level 0.8 Hexes
 + Level 0.8 Summonings
 + Level 0.8 Necromancy
 + Level 0.8 Translocations
 + Level 0.8 Transmutations
 + Level 0.8 Fire Magic
 + Level 0.8 Ice Magic
 + Level 0.8 Air Magic
 + Level 0.8 Earth Magic
 + Level 0.8 Poison Magic
 + Level 1.2 Invocations
 + Level 1.1 Evocations
 + Level 6.5 Shapeshifting


You had 5 spell levels left.
You didn't know any spells.
Your spell library contained the following spells:

 Spells                   Type           Power      Damage    Failure   Level
 Poisonous Vapours        Pois/Air       4%         N/A       36%         2
 Mephitic Cloud           Conj/Pois/Air  2%         N/A       61%         3
 Freezing Cloud           Conj/Ice/Air   1%         6-21      100%        5


Dungeon Overview and Level Annotations

Branches:
Dungeon (3/15)

Altars:
Gozag
Vehumet


Innate Abilities, Weirdness & Mutations

You are a hulking beast.
Your limbs bulge with bestial killing power. (Slay +3)
You have very sharp teeth.
Your uncanny sense of smell can sniff out nearby items.
Your experience applies equally to all skills.


Message History

You see here a rat corpse.
There is a stone staircase leading up here.
You climb upwards.
There is a stone staircase leading down here.
There is a stone staircase leading down here.
You climb downwards.
There is a stone staircase leading up here.
Found an opulent altar of Gozag.
The gnoll shouts!
You hear a shout! x2
The gnoll hits you from afar with a +0 spear!
The gnoll closely misses you.
The gnoll sergeant shouts!
You hear an angry hiss.
The gnoll hits you with a +0 spear.
You punch the gnoll!
The gnoll is severely wounded.
The gnoll hits you with a +0 spear. The gnoll hits you with a +0 club.
An adder comes into view.
You hit the gnoll.
The gnoll is severely wounded.
The gnoll barely misses you. The gnoll closely misses you.
The gnoll barely misses you.
You hit the gnoll.
You kill the gnoll!
The gnoll barely misses you. The gnoll misses you. The gnoll misses you.
The gnoll hits you with a +0 spear.
The gnoll sergeant hits you with a +4 heavy trident.
The gnoll closely misses you.
Things that are here:
a +0 club; 13 gold pieces You closely miss the gnoll.
The gnoll misses you. The gnoll hits you with a +0 spear.
* * * LOW HITPOINT WARNING * * *
The gnoll hits you with a +0 spear!
* * * LOW HITPOINT WARNING * * *
The iguana hisses angrily.
You punch the gnoll! You bite the gnoll, but do no damage.
The gnoll is severely wounded.
The gnoll sergeant barely misses you. The gnoll closely misses you.
The gnoll hits you with a +0 spear!
You die...

#># ##.##### ..
##.....## # ..... .
....#.8..l8.#.#
....#.#.....#.......#.#
....#.#... ....._.....
#......... #.......#
....#.#.... #.8.S.8.#
......#.....##.ggg.#
).[......<...###h##
.###...........g..#
.###.......####.#.####
...#.####..####.#....#
.#.#.##......##.####.#
.......>#..#.##.# #.#
.#.#............####.#
.#.#.#####.#.........#
...#.......###########


You could see a gnoll sergeant, an iguana, 3 gnolls and an adder.

Vanquished Creatures
  A gnoll (D:3)
  2 adders (D:2)
  A dart slug (D:2)
  An orc (D:3)
  An endoplasm (D:2)
  A giant cockroach (D:2)
  6 goblins
  4 hobgoblins
  5 jackals
  3 quokkas
  4 ball pythons
  4 bats
  5 rats
38 creatures vanquished.

Notes
Turn   | Place    | Note
-------+----------+-------------------------------------------
     0 | D:1      | subawu the Gnoll Shapeshifter began the quest for the Orb.
     0 | D:1      | Reached XP level 1. HP: 17/17 MP: 1/1
    98 | D:1      | Reached XP level 2. HP: 3/23 MP: 2/2
   231 | D:1      | You fall into a shaft and drop 1 floor!
   415 | D:2      | Reached XP level 3. HP: 28/28 MP: 3/3
   630 | D:3      | Identified the +1 robe of Xyoqok {rF+ Int+5 Dex-3 SInv}
   643 | D:3      | Found a radiant altar of Vehumet.
   672 | D:3      | Noticed a gnoll sergeant
   950 | D:2      | Reached skill level 1 in Invocations
  1032 | D:2      | Reached skill level 1 in Short Blades
  1032 | D:2      | Reached skill level 1 in Long Blades
  1032 | D:2      | Reached skill level 1 in Axes
  1032 | D:2      | Reached skill level 1 in Maces & Flails
  1032 | D:2      | Reached skill level 1 in Polearms
  1032 | D:2      | Reached skill level 1 in Staves
  1032 | D:2      | Reached skill level 1 in Ranged Weapons
  1032 | D:2      | Reached skill level 1 in Throwing
  1032 | D:2      | Reached skill level 1 in Armour
  1032 | D:2      | Reached skill level 1 in Stealth
  1032 | D:2      | Reached skill level 1 in Shields
  1032 | D:2      | Reached skill level 1 in Spellcasting
  1032 | D:2      | Reached skill level 1 in Evocations
  1162 | D:3      | Reached XP level 4. HP: 29/34 MP: 5/5
  1533 | D:3      | Found an opulent altar of Gozag.
  1542 | D:3      | Mangled by a gnoll

Illustrated notes

Levels and vault maps discovered:
D:1:      scummos_arrival_simple_fountains, layout_basic
D:2:      layout_loops_cross
D:3:      minmay_octagon_keep, layout_loops_cross, grunt_gozag_statues,
          vehumet_crystals

Skill      XL: |  1  2  3 |
---------------+----------+-----
Invocations    | 1 |  1.2
Short Blades   | 1 |  1.1
Long Blades    | 1 |  1.1
Axes           | 1 |  1.1
Maces & Flails | 1 |  1.1
Polearms       | 1 |  1.1
Staves         | 1 |  1.1
Ranged Weapons | 1 |  1.1
Throwing       | 1 |  1.1
Armour         | 1 |  1.1
Stealth        | 1 |  1.1
Shields        | 1 |  1.1
Spellcasting   | 1 |  1.1
Evocations     | 1 |  1.1
Fighting       | |  2.7
Dodging        | |  4.6
Unarmed Combat | |  6.6
Conjurations   | |  0.8
Hexes          | |  0.8
Summonings     | |  0.8
Necromancy     | |  0.8
Translocations | |  0.8
Transmutations | |  0.8
Fire Magic     | |  0.8
Ice Magic      | |  0.8
Air Magic      | |  0.8
Earth Magic    | |  0.8
Poison Magic   | |  0.8
Shapeshifting  | |  6.5

Action                     |  1- 3 |  4- 6 || total
---------------------------+-------+-------++-------
  Melee: Unarmed           |    65 |     9 ||    74
         Punch             |     5 |       ||     5
         Bite              |     2 |     1 ||     3
 Armour: Animal skin       |    40 |    12 ||    52
  Dodge: Dodged            |    77 |    13 ||    90

Table legend: (Time is in decaauts)
 A = Elapsed time spent in this place.
 B = Non-inter-level travel time spent in this place.
 C = Inter-level travel time spent in this place.
 D = Time resting spent in this place.
 E = Time spent auto-exploring this place.
 F = Levels seen in this place.
 G = Mean time per level.
                   A        B        C        D        E       F      G
               +--------+--------+--------+--------+--------+-----+--------+
         Total |   1534 |   1334 |    200 |    175 |    637 |   3 |  511.3 |
       Dungeon |   1534 |   1334 |    200 |    175 |    637 |   3 |  511.3 |
               +--------+--------+--------+--------+--------+-----+--------+

Top non-repeatable levels by time:
     D:2: 748 daAuts
     D:3: 557 daAuts
     D:1: 228 daAuts
